 Dungeon Crawl Stone Soup version 0.31-a0-662-g684573625c (webtiles) character file.

Game seed: 905103570463008115

13722 avis the Mimic (level 11, -3/93 HPs)
             Began as a Felid Shapeshifter on Sept 1, 2023.
             Was an Initiate of Gozag.
             Slain by an ice devil (19 damage)
             ... summoned by an orc sorcerer
             ... led by an orc knight
             ... on level 2 of the Orcish Mines.
             The game lasted 01:23:50 (13803 turns).

avis the Mimic (Felid Shapeshifter)                Turns: 13803, Time: 01:23:51

Health: -3/93      AC: 10    Str: 17    XL:     11   Next: 79%
Magic:  12/12      EV: 16    Int: 18    God:    Gozag
Gold:   1588       SH:  0    Dex: 18    Spells: 8/10 levels left
                                        Lives:  0   Deaths: 4

rFire   . .          .
                       - Unarmed
rCold   . . .        (shield unavailable)
rNeg    . . .        (body armour unavailable)
rPois   .            (helmet unavailable)
rElec   .            (cloak unavailable)
rCorr   .            (gloves unavailable)
SInv    +            (boots unavailable)
Will    +....        k - amulet of the acrobat Stlth
                     j - +6 ring of intelligence
HPRegen 0.35/turn    I - ring of wizardry
MPRegen 0.13/turn

%: acrobat, wizardry (x1)
@: berserking, snake-form, very quick
A: constrict, boosted hp, large, (claws 1), (fangs 3), see invisible, (speed 1),
(shaggy fur 2), (stealthy paws), no weapons or thrown items, no armour,
multi-lived
a: Begin Untransformation, Renounce Religion, Potion Petition, Call Merchant,
Bribe Branch


You were on level 2 of the Orcish Mines.
You worshipped Gozag.
Gozag was most pleased with you.
You were an enormous anaconda.
You visited 4 branches of the dungeon, and saw 14 of its levels.
You also visited: Sewer.

You collected 2775 gold pieces.
You spent 1122 gold pieces at shops.
You paid 65 gold pieces to Gozag.

Inventory:

Jewellery
 j - a +6 ring of intelligence (left hand)
 k - an amulet of the acrobat (around neck)
 y - a ring of willpower
 H - a ring of flight
 I - a ring of wizardry (right hand)
 K - an amulet of guardian spirit
 M - a +6 ring of intelligence
 O - an amulet of faith
Talismans
 s - a serpent talisman (active)
 t - a storm talisman
 P - a beast talisman
Wands
 b - a wand of light (5)
 c - a wand of paralysis (6)
 i - a wand of digging (4)
 o - a wand of flame (19)
 v - a wand of iceblast (3)
Scrolls
 d - a scroll of immolation
 e - a scroll of enchant armour
 f - 2 scrolls of fear
 g - 3 scrolls of vulnerability
 h - 2 scrolls of fog
 p - 4 scrolls of noise
 u - a scroll of poison
 A - 2 scrolls of revelation
 B - 4 scrolls of blinking
 F - a scroll of torment
 J - a scroll of amnesia {unknown}
 N - a scroll of enchant weapon {unknown}
Potions
 a - 2 potions of lignification
 l - 3 potions of degeneration
 m - 5 potions of brilliance
 n - a potion of heal wounds
 q - a potion of enlightenment
 r - a potion of magic
 w - 3 potions of curing
 x - 2 potions of cancellation
 z - 4 potions of attraction
 C - 2 potions of resistance
 G - 3 potions of mutation
 L - a potion of ambrosia


   Skills:
 + Level 8.5 Fighting
 + Level 11.4 Dodging
 - Level 4.0 Stealth
 + Level 9.0 Unarmed Combat
 - Level 2.0 Transmutations
 * Level 12.4 Shapeshifting


You had 8 spell levels left.
You knew the following spells:

 Your Spells              Type           Power      Damage    Failure   Level
e - Wereblood             Tmut           7%         N/A       6%          2

Your spell library contained the following spells:

 Spells                   Type           Power      Damage    Failure   Level
 Slow                     Hex            0%         N/A       9%          1
 Sublimation of Blood     Necr           0%         N/A       13%         2
 Confusing Touch          Hex            0%         N/A       26%         3
 Vampiric Draining        Necr           0%         2d6       26%         3
 Malign Gateway           Summ/Tloc      0%         N/A       100%        7
 Summon Hydra             Summ           0%         N/A       100%        7
 Summon Horrible Things   Summ           0%         N/A       100%        8


Dungeon Overview and Level Annotations

Branches:
Dungeon (10/15)            Temple (1/1) D:4            Lair (1/5) D:9
    Orc (1/2) D:9             Elf (0/3) Orc:2         Sewer (visited)

Altars:
Ashenzari
Cheibriados
Dithmenos
Elyvilon
Fedhas
Gozag
Hepliaklqana
Kikubaaqudgha
Makhleb
Nemelex Xobeh
Okawaru
Qazlal
Ru
Sif Muna
Trog
Uskayaw
Vehumet
Wu Jian
Xom
Yredelemnul
Zin
The Shining One

Shops:
D:5 ?   D:6 ?   D:8 *   D:9 !   D:10 [

Annotations:
D:1 ring in glass case
D:8 3 runed translucent doors, Fractals's ghost, novice DrSh


Innate Abilities, Weirdness & Mutations

You are an enormous anaconda.
You have a powerful constriction melee attack.
Your maximum health is increased.
((You have sharp claws.))
((You have razor-sharp teeth.))
You have supernaturally acute eyesight. (SInv)
((You cover ground quickly. (Speed+)))
((You are covered in thick fur. (AC +2)))
((Your paws help you pounce on unaware monsters.))
You are incapable of wielding weapons or throwing items.
You cannot wear armour.
You gain extra lives every three experience levels.


Message History

The orc wizard is distracted by your dazzling golden aura.
As you read the scroll of fear, it crumbles to dust.
You assume a fearsome visage.
The orc looks frightened!
The orc sorcerer looks frightened!
The orc warrior looks frightened!
The sun demon looks frightened!
The orange demon looks frightened!
The orc wizard looks frightened!
The orc wizard is no longer distracted by gold.
The orc wizard casts a spell.
The orc wizard flickers and vanishes for a moment.
Items here: $ )) [[.
You body-slam the orc!!
You kill the orc!
The orc is distracted by your dazzling golden aura.
The orc is no longer distracted by gold.
The ice devil completely misses you.
Items here: $ )) [[.
The orc wizard no longer looks unusually strong.
The orc is distracted by your dazzling golden aura.
The orc sorcerer no longer looks unusually strong.
The orc warrior no longer looks unusually strong.
The ice devil completely misses you.
Cornered, the orc sorcerer turns to fight!
Cornered, the orc warrior turns to fight!
The sun demon disappears in a puff of smoke!
Cornered, the orc turns to fight!
The orange demon seems to regain its courage.
The orc is no longer distracted by gold.
The orange demon misses you.
The orange demon disappears in a puff of smoke!
The orc wizard gestures at you while chanting.
The puff of flame misses you.
The orc sorcerer attacks as it pursues you!
The orc sorcerer hits you with a +0 dagger.
* * * LOW HITPOINT WARNING * * *
A red film seems to cover your vision as you go berserk!
You feel yourself moving faster!
You feel mighty! The ice devil hits you.
* * * LOW HITPOINT WARNING * * *
The ice devil freezes you!!
You die...
Your body crumbles into a pile of gold.

###..........#..#∩,,,*,,*
##..#..#.........######..****
##........................,,,,
#..........#..............,,,,
#.................########****
##...............##
##.......#....#.##
#................#
##.#.#....ooS...##
######.....4.###
###.......#.####
##.#..........#.###
#...#o....#.......###
####..oo..............##
##.#...$.##...^.........#
#o.......#...........#.##
##.#.##$###.........####


You could see an ice devil (summoned), an orc sorcerer, an orc warrior, an orc
wizard (invisible) and 2 orcs.

Vanquished Creatures
  An ettin (Orc:1)
  2 two-headed ogres (D:10)
  An orc knight (Orc:2)
  A black mamba (Lair:1)
  Maurice (D:9)
  A cane toad (Lair:1)
  3 komodo dragons (Lair:1)
  A polar bear (Lair:1)
  4 trolls
  2 hornets
  3 wyverns (D:9)
  A wraith (D:10)
  Sigmund (D:6)
  A basilisk (Lair:1)
  14 yaks (D:9)
  A warg (D:9)
  2 acid dragons (D:10)
  3 water moccasins
  4 orc warriors
  A black bear (Lair:1)
  A sky beast (D:6)
  6 ogres
  4 centaurs
  2 phantoms
  A kobold brigand (D:9)
  A gnoll sergeant (D:10)
  8 bullfrogs
  2 scorpions
  16 wights
  11 killer bees
  4 howler monkeys
  A jelly (D:8)
  9 orc priests
  A gnoll bouda (D:6)
  A hound (D:5)
  7 orc wizards
  5 iguanas
  Terence (D:3)
  4 adders
  16 gnolls
  3 river rats (Sewer)
  A shadow imp (D:7)
  A white imp (D:5)
  An ufetubus (D:6)
  3 worms (D:2)
  2 dart slugs
  21 orcs
  11 ball pythons
  3 endoplasms
  8 giant cockroaches
  7 goblins
  3 hobgoblins
  7 jackals
  5 quokkas
  5 bats
  9 frilled lizards
  9 kobolds
  19 rats
  A spectral orc (D:10)
268 creatures vanquished.

Notes
Turn   | Place    | Note
-------+----------+-------------------------------------------
     0 | D:1      | avis the Felid Shapeshifter began the quest for the Orb.
     0 | D:1      | Reached XP level 1. HP: 9/9 MP: 2/2
   272 | D:1      | Reached XP level 2. HP: 11/12 MP: 3/3
   873 | D:1      | Reached skill level 1 in Stealth
  1345 | D:2      | Reached XP level 3. HP: 15/15 MP: 4/4
  1656 | D:2      | Slain by a worm
  1803 | D:2      | Found an ornate altar of the Wu Jian Council.
  1898 | D:2      | Reached skill level 4 in Shapeshifting
  2698 | D:3      | Reached XP level 4. HP: 19/19 MP: 5/5
  2880 | D:3      | Noticed Terence
  3083 | D:3      | Killed Terence
  3198 | D:3      | Found a stormy altar of Qazlal.
  3375 | D:4      | Found a hide-covered altar of Uskayaw.
  3378 | D:4      | Found a broken altar of Ashenzari.
  3381 | D:4      | Found a shadowy altar of Dithmenos.
  3381 | D:4      | Found a hazy altar of Hepliaklqana.
  3582 | D:4      | Found a staircase to the Ecumenical Temple.
  3592 | Temple   | Found a transporter.
  3592 | Temple   | Found a transporter.
  3592 | Temple   | Found a transporter.
  3592 | Temple   | Found a transporter.
  3592 | Temple   | Entered the Ecumenical Temple
  3613 | Temple   | Became a worshipper of Gozag Ym Sagoz the Greedy
  3936 | D:4      | Found a burning altar of Makhleb.
  3936 | D:4      | Noticed an Executioner
  3939 | D:4      | Noticed a hellwing
  3939 | D:4      | Noticed a hellwing
  4022 | D:5      | Entered Level 5 of the Dungeon
  4022 | D:5      | Noticed a scorpion
  4027 | D:5      | Killed a scorpion
  4028 | D:5      | Reached XP level 5. HP: 12/22 MP: 6/6
  4134 | D:5      | Noticed an ogre
  4164 | D:5      | Found Foshruiwa's Magic Scroll Shoppe.
  4233 | D:5      | Found a glowing drain.
  4256 | Sewer    | Entered a sewer
  4474 | Sewer    | Gained mutation: You are covered in thick fur. (AC +2)
                  | [Felid growth]
  4474 | Sewer    | Reached XP level 6. HP: 19/27 MP: 7/7
  4754 | D:5      | Reached skill level 5 in Shapeshifting
  4915 | D:5      | Reached skill level 5 in Dodging
  5073 | D:5      | Reached XP level 7. HP: 10/31 MP: 8/8
  5465 | D:5      | Found an iron altar of Okawaru.
  5616 | D:6      | Found Tyimn's Magic Scroll Shop.
  5624 | D:6      | Bought a scroll of blinking for 90 gold pieces
  5624 | D:6      | Bought a scroll of revelation for 90 gold pieces
  5624 | D:6      | Bought a scroll of noise for 12 gold pieces
  5624 | D:6      | Bought a scroll of vulnerability for 48 gold pieces
  5624 | D:6      | Bought a scroll of identify for 24 gold pieces
  5624 | D:6      | Bought a scroll of identify for 24 gold pieces
  5624 | D:6      | Bought a scroll of identify for 24 gold pieces
  5664 | D:5      | Bought a scroll of teleportation for 36 gold pieces
  5664 | D:5      | Bought 3 scrolls of identify for 72 gold pieces
  5664 | D:5      | Bought 2 scrolls of identify for 48 gold pieces
  5664 | D:5      | Bought a scroll of identify for 24 gold pieces
  5664 | D:5      | Bought a scroll of identify for 24 gold pieces
  6007 | D:6      | Reached skill level 6 in Shapeshifting
  6220 | D:6      | Noticed Sigmund
  6226 | D:6      | Killed Sigmund
  6413 | D:6      | Reached XP level 8. HP: 36/36 MP: 9/9
  6454 | D:6      | Found a bloodstained altar of Trog.
  6517 | D:6      | Reached skill level 5 in Unarmed Combat
  7416 | D:7      | Reached skill level 7 in Shapeshifting
  7526 | D:7      | Learned a level 2 spell: Wereblood
  7588 | D:7      | Found a sparkling altar of Nemelex Xobeh.
  7845 | D:7      | Noticed a hornet
  8255 | D:7      | Killed a hornet
  8282 | D:8      | Noticed a centaur warrior
  8284 | D:8      | Found a runed translucent gate.
  8284 | D:8      | Found a runed translucent gate.
  8284 | D:8      | Found a runed translucent gate.
  8389 | D:8      | Found a glowing golden altar of the Shining One.
  8435 | D:8      | Reached skill level 8 in Shapeshifting
  8440 | D:8      | Reached skill level 5 in Fighting
  8510 | D:8      | Reached XP level 9. HP: 39/40 MP: 10/10
  8572 | D:8      | Slain by a wight
  8804 | D:8      | Noticed a centaur warrior
  8810 | D:8      | Noticed Fractals's ghost (novice DrSh)
  9129 | D:8      | Found Meosor's Assorted Antiques.
  9136 | D:8      | Bought a scroll of revelation for 172 gold pieces
  9136 | D:8      | Bought a silver wand for 92 gold pieces
  9186 | D:8      | Reached skill level 9 in Shapeshifting
  9431 | D:9      | Found a staircase to the Orcish Mines.
  9550 | D:8      | Paralysed by a hornet for 1 turns
  9555 | D:8      | Reached XP level 10. HP: 22/45 MP: 11/11
  9728 | D:9      | Found Yneadem's Distillery.
  9752 | D:9      | Reached skill level 1 in Transmutations
  9761 | D:9      | Reached skill level 10 in Shapeshifting
  9836 | D:9      | Bought a potion of resistance for 140 gold pieces
  9836 | D:9      | Bought a potion of lignification for 42 gold pieces
  9836 | D:9      | Bought a potion of ambrosia for 112 gold pieces
  9861 | D:9      | Found a staircase to the Lair.
 10248 | D:9      | Found a sacrificial altar of Ru.
 10493 | D:5      | Bought a scroll of identify for 24 gold pieces
 10493 | D:5      | Bought a scroll of identify for 24 gold pieces
 10616 | D:10     | Entered Level 10 of the Dungeon
 10657 | D:10     | Noticed a two-headed ogre
 10667 | D:10     | Killed a two-headed ogre
 10668 | D:10     | Reached skill level 10 in Dodging
 10733 | D:10     | Found a blossoming altar of Fedhas.
 10773 | D:10     | Reached skill level 11 in Shapeshifting
 10885 | D:10     | Found Lemoan's Antique Armour Boutique.
 11080 | Lair:1   | Entered Level 1 of the Lair of Beasts
 11257 | Lair:1   | Reached XP level 11. HP: 36/50 MP: 12/12
 11569 | Lair:1   | Noticed a five-headed hydra
 11785 | D:10     | Found a radiant altar of Vehumet.
 11787 | D:10     | Noticed a two-headed ogre
 11800 | D:10     | Killed a two-headed ogre
 12296 | D:10     | Found a basalt altar of Yredelemnul.
 12770 | D:10     | Found an ornate altar of the Wu Jian Council.
 12830 | Orc:1    | Entered Level 1 of the Orcish Mines
 12868 | Orc:1    | Noticed Maurice
 13150 | D:9      | Killed Maurice
 13151 | D:9      | Reached skill level 12 in Shapeshifting
 13209 | Orc:1    | Noticed an ettin
 13235 | Orc:1    | Annihilated by an ettin
 13252 | Orc:1    | HP: 3/61 [ettin/+0 dire flail (27)]
 13252 | Orc:1    | Mangled by an ettin
 13287 | Orc:1    | Killed an ettin
 13554 | Orc:1    | You fall into a shaft and drop 1 floor!
 13554 | Orc:2    | Entered Level 2 of the Orcish Mines
 13554 | Orc:2    | Noticed an orc sorcerer
 13741 | Orc:2    | Noticed an orc sorcerer
 13769 | Orc:2    | Noticed an orc knight
 13775 | Orc:2    | Noticed a sun demon
 13790 | Orc:2    | Killed an orc knight
 13803 | Orc:2    | Slain by an ice devil

Illustrated notes

Levels and vault maps discovered:
D:1:      minmay_arrival_shattered_statue, layout_basic,
          serial_co_window_serial, co_window_corner_a, co_window_paths_a,
          co_window_paths_b, co_window_paths_a, co_window_corner_a,
          co_window_paths_a, co_window_corner_a, co_window_corner_b,
          co_window_paths_c, co_window_broadway_b, co_window_unsneaky_path_e,
          co_window_cross_2, co_window_corner_b, co_window_4corner_a,
          glass_columns_a, glass_columns_c, glass_columns_a, glass_columns_b,
          glass_columns_c, minmay_surrounded
D:2:      layout_basic, basic_altar, st_stairs_9
D:3:      layout_loops_ring, nicolae_overflow_hidden_temple,
          corexii_hall_statues_deadend, uniq_terence
D:4:      layout_loops_ring, makhleb_altar_promises_db,
          chequers_temple_overflow_statue_of_worship, minmay_temple_entry_waves,
          dk_noncrumbling_3
D:5:      layout_loops_cross, lemuel_coloured_pillars_altar,
          gup_sewer_entry_pipe, serial_shops, shop_scrolls
D:6:      layout_basic, mainiacjoe_overflow_tiny_flanked, serial_shops, shop,
          uniq_sigmund
D:7:      layout_loops_corners, nemelex_xobeh_ov_fountains_minmay
D:8:      layout_cave_pools, marbit_many_paths, serial_shops,
          nicolae_shop_tiny_waterfront, gammafunk_ghost_split
D:9:      layout_cave_pools, nicolae_ru_path_of_blood, minmay_lair_entry_grove,
          serial_shops, nicolae_shop_trees
D:10:     layout_roguey, yredelemnul_forgotten_temple_becter,
          lemuel_crystal_altar, kennysheep_mini, vehumet_crystals, serial_shops,
          nicolae_shop_window_shopping
Temple:   hellmonk_temple_divided_pantheon
Lair:1:   layout_loops_ring, beast_lair_carwin_5
Orc:1:    layout_caves, uniq_maurice
Orc:2:    st_orc_town, layout_caves

Skill      XL: |  1  2  3  4  5  6  7  8  9 10 11 |
---------------+----------------------------------+-----
Dodging        | 3 4 5 6 7 8 10 11 | 11.4
Stealth        | 1 2 3 4 |  4.0
Shapeshifting  | 4 5 6 8 9 11 12 | 12.4
Fighting       | 2 3 5 6 7 8 |  8.5
Unarmed Combat | 4 5 7 8 9 |  9.0
Transmutations | 1 2 |  2.0

Action                     |  1- 3 |  4- 6 |  7- 9 | 10-12 || total
---------------------------+-------+-------+-------+-------++-------
  Melee: Unarmed           |   105 |   129 |   231 |   319 ||   784
         Bite              |     7 |    20 |     4 |       ||    31
         Punch             |       |     7 |     2 |       ||     9
         Constrict         |       |       |    42 |    73 ||   115
   Cast: Wereblood         |       |       |     1 |       ||     1
  Evoke: Wand              |       |     1 |     5 |     2 ||     8
    Use: Scroll            |       |     6 |    11 |     8 ||    25
         Potion            |       |       |     3 |     8 ||    11
   Stab: Sleeping          |     8 |    13 |     1 |     5 ||    27
         Distracted        |       |     1 |     1 |     8 ||    10
         Paralysed         |       |       |     3 |     6 ||     9
         Invisible         |       |       |     2 |       ||     2
 Armour: Skin              |    28 |    27 |    93 |   166 ||   314
  Dodge: Dodged            |    66 |    77 |   159 |   238 ||   540
   Form: Anaconda          |       |       |     1 |     2 ||     3
                           |       |       |       |     1 ||     1
         Storm             |       |       |       |     1 ||     1

Table legend: (Time is in decaauts)
 A = Elapsed time spent in this place.
 B = Non-inter-level travel time spent in this place.
 C = Inter-level travel time spent in this place.
 D = Time resting spent in this place.
 E = Time spent auto-exploring this place.
 F = Levels seen in this place.
 G = Mean time per level.
                   A        B        C        D        E       F      G
               +--------+--------+--------+--------+--------+-----+--------+
         Total |  12737 |  11688 |   1049 |   3306 |   4666 |  15 |  849.1 |
       Dungeon |  11067 |  10023 |   1044 |   2848 |   4391 |  10 | 1106.7 |
        Temple |     38 |     34 |      4 |      0 |      0 |   1 |   38.0 |
          Lair |    564 |    564 |      0 |    234 |     91 |   1 |  564.0 |
  Orcish Mines |    651 |    651 |      0 |    182 |    108 |   2 |  325.5 |
         Sewer |    416 |    416 |      0 |     42 |     75 |   1 |  416.0 |
               +--------+--------+--------+--------+--------+-----+--------+

Top non-repeatable levels by time:
     D:9: 1578 daAuts
    D:10: 1342 daAuts
     D:5: 1300 daAuts
     D:6: 1209 daAuts
     D:7: 1080 daAuts
     D:8: 1077 daAuts
     D:1: 1032 daAuts
     D:2: 1001 daAuts
     D:3: 762 daAuts
     D:4: 683 daAuts
  Lair:1: 564 daAuts
   Sewer: 416 daAuts
   Orc:1: 407 daAuts
   Orc:2: 243 daAuts
  Temple: 38 daAuts
